 Dungeon Crawl Stone Soup version 0.19-a0-994-g3c636f0 (webtiles) character file.

247 4thArraOfDagon the Caller (level 5, 0/57 HPs)
             Began as a Demigod Summoner on July 17, 2016.
             Slain by Menkaure (11 damage)
             ... on level 4 of the Dungeon.
             The game lasted 00:07:40 (1196 turns).

4thArraOfDagon the Caller (Demigod Summoner)        Turns: 1196, Time: 00:07:40

Health: 0/57       AC:  2    Str: 16    XL:     5   Next: 55%
Magic:  10/12      EV: 12    Int: 21    God:
Gold:   55         SH:  0    Dex: 16    Spells: 3 memorised, 2 levels left

rFire  . . .     SeeInvis .     g - +0 spear
rCold  . . .     Gourm    .     a - +0 robe
rNeg   . . .     Faith    .     (no shield)
rPois  .         Spirit   .     (no helmet)
rElec  .         Dismiss  .     (no cloak)
rCorr  .         Reflect  .     (no gloves)
SustAt +         Harm     .     (no boots)
MR     .....                    d - amulet of rage
Stlth  ..........               (no ring)
                                p - ring of sustain attributes

@: berserking, drained, very quick, not resistant to hostile enchantments,
extremely unstealthy
A: high mp 1, sustain attributes
a: Evoke Berserk Rage


You were on level 4 of the Dungeon.
You were not hungry.

You visited 1 branch of the dungeon, and saw 4 of its levels.

You collected 55 gold pieces.

Inventory:

Hand Weapons
 g - a +0 spear (weapon)
 k - a +0 short sword
Armour
 a - a +0 robe (worn)
Jewellery
 d - an amulet of rage (around neck)
 h - an uncursed amulet of regeneration
 p - a ring of sustain attributes (left hand)
Potions
 j - 4 potions of degeneration
 o - 2 potions of flight
Books
 b - a book of Callings

   Spells                             Type                      Level
   a - Summon Small Mammal            Summoning                    1
   b - Call Imp                       Summoning                    2
   c - Call Canine Familiar           Summoning                    3
   d - Summon Guardian Golem          Hexes/Summoning              3
   e - Summon Lightning Spire         Summoning/Air                4
   f - Summon Ice Beast               Ice/Summoning                4
Comestibles
 c - 3 bread rations


   Skills:
 - Level 1.7(1.1) Dodging
 - Level 1.7(1.1) Stealth
 + Level 3.3(2.6) Spellcasting
 * Level 5.7(5.0) Summonings


You had 2 spell levels left.
You knew the following spells:

 Your Spells              Type           Power        Failure   Level  Hunger
a - Summon Small Mammal   Summ           ###.         1%          1    None
b - Call Canine Familiar  Summ           ###.....     6%          3    ###....
c - Summon Lightning Spi  Summ/Air       ##......     54%         4    ####...


Dungeon Overview and Level Annotations

Branches:
Dungeon (4/15)
 Temple: D:4-7

Annotations:
D:4 Menkaure


Innate Abilities, Weirdness & Mutations

You have an increased reservoir of magic. (+10% MP)
Your attributes are resistant to harm.


Message History

You feel drained.
Unknown command.
Menkaure misses you.
Unknown command.
It was a potion of ambrosia.
You are confused.
You feel invigorated. Menkaure closely misses you.
The wight closely misses you.
It was a potion of cancellation.
Your magical effects are unravelling.
You feel magically purged.
You feel less invigorated.
You feel less confused.
Your resistance to elements expires.
Menkaure calls on the powers of darkness!
Your body is wracked with pain!
A red film seems to cover your vision as you go berserk!
You feel yourself moving faster!
You feel mighty! Menkaure closely misses you.
The wight hits you with an enchanted scimitar!
* * * LOW HITPOINT WARNING * * *
Menkaure hits you!
You die...

#.##.##.#†..# ..#.##.....#
#.#.####†..# #.#.## #...#
##....# #...#
#...#.###...######
#.................
###########M####†...........
#.........z@# #........###
#.########### #####.##.# #.#
.# .# #.# .# # #.# ## #.##
#..# ##.# #.#


You could see Menkaure and a wight.

Vanquished Creatures
  An ogre (D:4)
  A wight (D:4)
  An adder (D:2)
  An ooze (D:3)
  A giant gecko (D:4)
  An orc (D:3)
  A goblin (D:3)
  A hobgoblin (D:4)
  A jackal (D:2)
  A kobold (D:2)
  3 bats
  4 rats
17 creatures vanquished.

Vanquished Creatures (collateral kills)
  3 wights (D:4)
  A centaur skeleton (D:4)
  A giant frog skeleton (D:4)
  2 adders
  An ooze (D:1)
  2 worms
  A giant gecko (D:4)
  5 orcs
  3 giant cockroaches
  2 hobgoblins
  A jackal (D:2)
  A kobold (D:3)
  A ball python (D:3)
  2 bats
  A giant newt (D:1)
  4 goblins
31 creatures vanquished.

Grand Total: 48 creatures vanquished

Notes
Turn   | Place    | Note
-------+----------+-------------------------------------------
     0 | D:1      | 4thArraOfDagon the Demigod Summoner began the quest for the Orb.
     0 | D:1      | Reached XP level 1. HP: 14/14 MP: 5/5
     0 | D:1      | 4thArraOfDagon: ths is amazing
     0 | D:1      | 4thArraOfDagon: like 20 games
     0 | D:1      | 4thArraOfDagon: and no items
   255 | D:1      | Reached XP level 2. HP: 7/20 MP: 5/7
   339 | D:2      | Found an iron altar of Okawaru.
   461 | D:2      | Reached skill level 4 in Summonings
   663 | D:3      | no tiems
   688 | D:4      | Found an opulent altar of Gozag.
   688 | D:4      | Noticed Menkaure
   774 | D:3      | Reached XP level 3. HP: 26/26 MP: 5/8
   779 | D:3      | Learned a level 3 spell: Call Canine Familiar
  1014 | D:4      | Reached XP level 4. HP: 29/33 MP: 8/10
  1031 | D:4      | Learned a level 4 spell: Summon Lightning Spire
  1035 | D:4      | Noticed an ogre
  1055 | D:4      | Killed an ogre
  1055 | D:4      | Reached skill level 5 in Summonings
  1118 | D:4      | Reached XP level 5. HP: 29/38 MP: 6/12
  1186 | D:4      | WHY
  1196 | D:4      | Slain by Menkaure

Vault maps used:
D:1:      tarquinn_simple_flora_water_f, nemelex_diamond_rough_becter
D:2:      kennysheep_goblin_castle, first_bread, okawaru_gym_becter
D:3:      grunt_decor_clamped, interstate_on_off
D:4:      lemuel_upstairs_altar, serial_shops, nicolae_shop_behind_doors,
          nicolae_gozag_cash_rules_everything_around_me, uniq_menkaure,
          uniq_sigmund, uniq_robin

Skill      XL: |  1  2  3  4 |
---------------+-------------+-----
Spellcasting   | 2 3 |  3.3
Summonings     | 4 5 |  5.7
Dodging        | |  1.7
Stealth        | |  1.7

Action                   |  1- 3 |  4- 6 || total
-------------------------+-------+-------++-------
Melee: Unarmed           |    14 |       ||    14
       Spear             |    63 |    33 ||    96
 Cast: Summon Small Mamm |    32 |     2 ||    34
       Call Canine Famil |     2 |     8 ||    10
 Abil: Evoke Berserk Rag |       |     1 ||     1
  Use: Scroll            |     3 |       ||     3
       Potion            |       |     5 ||     5
 Stab: Sleeping          |     4 |     1 ||     5
       Distracted        |       |     1 ||     1
  Eat: Beef jerky        |     2 |       ||     2
Armor: Robe              |    12 |       ||    12
Dodge: Dodged            |    52 |    10 ||    62
